 Dungeon Crawl Stone Soup version 0.28-a0-563-gf77a47075d (webtiles) character file.

Game seed: 4847782942894295306

2866 funkygono the Arsonist (level 9, 0/48 HPs)
             Began as a Gargoyle Fire Elementalist on Sept 29, 2021.
             Was a Follower of Vehumet.
             Slain by a gnoll shaman (4 damage)
             ... in a bailey.
             The game lasted 00:20:25 (9189 turns).

funkygono the Arsonist (Gargoyle Fire Elementalist) Turns: 9189, Time: 00:20:26

Health: 0/48       AC: 13    Str: 11    XL:     9   Next: 75%
Magic:  9/20       EV:  6    Int: 20    God:    Vehumet [*.....]
Gold:   272        SH:  0    Dex: 10    Spells: 16/23 levels left

rFire   + . .      SeeInvis .   v - +3 mace (protect)
rCold   + . .      Faith    .   (no shield)
rNeg    + . .      Spirit   .   t - +1 leather armour {rC+}
rPois   ∞          Reflect  .   (no helmet)
rElec   +          Harm     .   o - +0 cloak
rCorr   +          Rampage  .   w - +0 pair of gloves
Will    .....                   c - +0 pair of boots
Stlth   ++........              u - amulet of magic regeneration
HPRegen 0.16/turn               h - ring of resist corrosion
MPRegen 0.42/turn               m - ring of protection from fire

@: held, studying Maces & Flails
A: sickness immunity, AC +6, negative energy resistance 1, electricity
resistance, torment resistance 1, petrification resistance
a: Renounce Religion


You were in a bailey.
You worshipped Vehumet.
Vehumet was aware of your devotion.
You visited 2 branches of the dungeon, and saw 8 of its levels.
You also visited: Bailey.

You collected 339 gold pieces.
You spent 67 gold pieces at shops.

Inventory:

Hand Weapons
 i - a +1 whip
 v - a +3 mace of protection (weapon)
 x - a +0 flail of draining
Missiles
 g - 121 stones
Armour
 a - a +0 robe
 c - a +0 pair of boots (worn)
 l - a +0 kite shield
 o - a +0 cloak (worn)
 r - a +0 leather armour of fire resistance
 t - a +1 leather armour of cold resistance (worn)
 w - a +0 pair of gloves (worn)
Jewellery
 f - an amulet of guardian spirit
 h - a ring of resist corrosion (left hand)
 m - a ring of protection from fire (right hand)
 u - an amulet of magic regeneration (around neck)
Wands
 n - a wand of flame (28)
Scrolls
 d - a scroll of fear
 y - a scroll of teleportation {unknown}
Potions
 b - 2 potions of curing
 e - 2 potions of attraction
 j - 3 potions of lignification
 k - a potion of haste {unknown}
 p - a potion of cancellation {unknown}
 q - a potion of brilliance {unknown}
 s - 3 potions of flight


   Skills:
 + Level 2.0 Fighting
 + Level 0.7 Maces & Flails
 + Level 1.8 Armour
 + Level 2.5 Dodging
 - Level 2.1 Stealth
 * Level 7.6 Spellcasting
 * Level 6.3 Conjurations
 * Level 8.3 Fire Magic


You had 16 spell levels left.
You knew the following spells:

 Your Spells              Type           Power      Damage    Failure   Level
a - Foxfire               Conj/Fire      100%       2x1d9     1%          1
b - Scorch                Fire           80%        2d9       1%          2
c - Flame Wave            Conj/Fire      37%        3d8       5%          4

Your spell library contained the following spells:

 Spells                   Type           Power      Damage    Failure   Level
 Magic Dart               Conj           100%       1d8       1%          1
 Conjure Flame            Conj/Fire      37%        6-21      1%          3
 Inner Flame              Hex/Fire       24%        N/A       6%          3
 Blink                    Tloc           N/A        N/A       19%         2
 Slow                     Hex            7%         N/A       19%         2
 Confusing Touch          Hex            7%         N/A       34%         3
 Lesser Beckoning         Tloc           7%         N/A       34%         3
 Manifold Assault         Tloc           7%         N/A       97%         5
 Yara's Violent Unravell  Hex/Tmut       3%         3d4       97%         5


Dungeon Overview and Level Annotations

Branches:
Dungeon (7/15)             Temple (1/1) D:5          Bailey (1/1)

Altars:
Ashenzari
Cheibriados
Dithmenos
Elyvilon
Fedhas
Gozag
Kikubaaqudgha
Makhleb
Nemelex Xobeh
Okawaru
Qazlal
Ru
Sif Muna
Trog
Uskayaw
Vehumet
Wu Jian
Xom
Yredelemnul
Zin
The Shining One

Shops:
D:6 [

Annotations:
D:4 1 runed translucent door, emiel's ghost, amateur NaDe
D:6 1 runed translucent door, emiel's ghost, weakling NaDe


Innate Abilities, Weirdness & Mutations

You are immune to sickness and miasma.
Your stone body is resilient. (AC +6)
You are immune to poison.
You resist negative energy. (rN+)
You are resistant to electric shocks. (rElec)
You are resistant to unholy torment.
You are immune to petrification.


Message History

The gnoll is almost dead.
The flame wave engulfs the gnoll!
You kill the gnoll!
Vehumet accepts your kill.
The flame wave engulfs the gnoll sergeant!
The gnoll sergeant is heavily wounded.
The flame wave engulfs the gnoll sergeant!
The gnoll sergeant is moderately wounded.
You finish channelling waves of flame.
You hear a shout! x2
The gnoll hits you from afar with a +0 halberd.
Unknown command.
The gnoll hits you from afar with a +0 halberd!
The gnoll sergeant hits you from afar with a +0 glaive.
Casting: Flame Wave (dangerous; 5% risk of failure)
Confirm with . or Enter, or press ? or * to list all spells.
You don't know that spell.
Unknown command.
Casting: Flame Wave (dangerous; 5% risk of failure)
Confirm with . or Enter, or press ? or * to list all spells.
Casting: Flame Wave (dangerous; 5% risk of failure)
Press: ? - help, Dir - look around, f - activate A wave of flame ripples out! (Press . to intensify the flame waves.)
The gnoll sergeant hits you but does no damage.
The gnoll barely misses you.
The gnoll sergeant hits you from afar with a +0 glaive!
A wave of flame ripples out!
The flame wave engulfs the gnoll sergeant!
The gnoll sergeant is severely wounded.
The flame wave engulfs the gnoll!
You kill the gnoll!
Vehumet accepts your kill.
The flame wave engulfs the gnoll sergeant.
The gnoll sergeant is moderately wounded.
The gnoll sergeant hits you but does no damage.
The gnoll sergeant hits you from afar with a +0 glaive!
* * * LOW HITPOINT WARNING * * *
The gnoll shaman hits you from afar with a +0 spear.
You die...

♣♣.♣♣ ♣♣♣♣.∩.♣♣
♣♣....†..♣♣♣♣
♣♣♣.....))....♣♣♣
♣♣........§.§....♣♣
♣♣≈≈≈≈≈≈≈.(§≈≈≈≈≈≈≈♣♣
♣≈≈.......(..§§...≈≈♣
♣≈..........§§.....≈♣
♣≈.######'@'######.≈♣
♣≈.# #(..# #.≈♣ ♣≈##


#ggg# ##≈♣ ♣≈ #.g.# ≈♣ ♣≈ ##'## ≈♣ ♣≈ ... ≈♣ ♣≈ ..... ≈♣ ♣≈ ....... ≈♣ ♣≈
#..$8$..# ≈♣ You could see 2 gnoll sergeants, a gnoll shaman and a gnoll.

Vanquished Creatures
  A troll (D:6)
  A steam dragon (D:7)
  3 vampire mosquitoes
  A water moccasin (D:6)
  A sky beast (D:5)
  4 ogres
  2 necrophages
  3 centaurs
  Blork the orc (D:5)
  A wyvern zombie (D:6)
  7 scorpions
  4 hounds
  Ijyb (D:4)
  An orc priest (D:6)
  A jelly (D:7)
  A centaur skeleton (D:6)
  A bullfrog skeleton (D:6)
  2 iguanas (D:5)
  2 orc wizards
  A killer bee zombie (D:6)
  A hound skeleton (D:4)
  12 gnolls
  8 adders
  2 shadow imps (D:5)
  An adder skeleton (D:4)
  A worm (D:5)
  16 orcs
  2 endoplasms (D:1)
  3 giant cockroaches
  15 goblins
  5 hobgoblins
  4 jackals (D:4)
  3 quokkas
  7 ball pythons
  3 bats (D:1)
  A frilled lizard (D:2)
  4 kobolds
  5 rats
132 creatures vanquished.

Vanquished Creatures (others)
  A goblin (D:7)
  547 foxfires
  7 fungi (D:1)
  4 toadstools (D:1)
  2 withered plants (D:6)
561 creatures vanquished.

Grand Total: 693 creatures vanquished

Notes
Turn   | Place    | Note
-------+----------+-------------------------------------------
     0 | D:1      | funkygono the Gargoyle Fire Elementalist began the quest
                  | for the Orb.
     0 | D:1      | Reached XP level 1. HP: 10/10 MP: 3/3
   311 | D:1      | Found a faded altar of an unknown god.
   357 | D:1      | Reached XP level 2. HP: 15/15 MP: 0/5
   513 | D:1      | Learned a level 2 spell: Scorch
  1036 | D:1      | Reached XP level 3. HP: 19/19 MP: 3/6
  2374 | D:3      | Found a white marble altar of Elyvilon.
  2402 | D:3      | Found an ancient bone altar of Kikubaaqudgha.
  2985 | D:2      | Reached XP level 4. HP: 6/24 MP: 1/8
  3236 | D:3      | Reached skill level 4 in Fire Magic
  3287 | D:3      | Learned a level 4 spell: Flame Wave
  3950 | D:4      | Noticed an ogre
  3971 | D:4      | Killed an ogre
  3972 | D:4      | Reached skill level 1 in Fighting
  3972 | D:4      | Reached XP level 5. HP: 29/29 MP: 1/10
  4091 | D:4      | Reached XP level 6. HP: 34/34 MP: 0/11
  4095 | D:4      | Noticed a necrophage
  4222 | D:3      | Killed a necrophage
  4284 | D:4      | Reached skill level 5 in Fire Magic
  4600 | D:4      | Noticed Ijyb
  4612 | D:4      | Killed Ijyb
  4613 | D:4      | Reached XP level 7. HP: 38/38 MP: 1/13
  4737 | D:4      | Found a runed translucent door.
  4741 | D:4      | Noticed emiel's ghost (amateur NaDe)
  5114 | D:5      | Entered Level 5 of the Dungeon
  5794 | D:5      | Reached skill level 5 in Spellcasting
  6050 | D:5      | Reached XP level 8. HP: 43/43 MP: 9/15
  6203 | D:5      | Noticed Blork the orc
  6220 | D:5      | Killed Blork the orc
  6221 | D:5      | Reached skill level 6 in Fire Magic
  6499 | D:5      | Reached skill level 5 in Conjurations
  6719 | D:5      | Found a staircase to the Ecumenical Temple.
  6726 | Temple   | Entered the Ecumenical Temple
  6742 | Temple   | Became a worshipper of Vehumet
  7382 | D:6      | Found Dopuyzat's Armour Shop.
  7403 | D:6      | Bought a +0 pair of gloves for 67 gold pieces
  7415 | D:6      | Reached skill level 7 in Fire Magic
  7559 | D:6      | Reached XP level 9. HP: 48/48 MP: 11/18
  7999 | D:6      | Found a runed translucent door.
  7999 | D:6      | Noticed emiel's ghost (weakling NaDe)
  8017 | D:6      | Found a basalt altar of Yredelemnul.
  8033 | D:6      | Found a sacrificial altar of Ru.
  8033 | D:6      | Noticed a troll
  8040 | D:6      | Killed a troll
  8927 | D:7      | Found a flagged portal.
  8940 | D:7      | Reached skill level 1 in Armour
  8944 | D:7      | Reached skill level 8 in Fire Magic
  9105 | Bailey   | Entered a bailey
  9112 | Bailey   | Reached * piety under Vehumet
  9112 | Bailey   | Offered knowledge of Magic Dart by Vehumet.
  9189 | Bailey   | Slain by a gnoll shaman

Illustrated notes

Levels and vault maps discovered:
D:1:      lemuel_arrival_river_bridge, layout_basic,
          shapermc_ecumenical_altar_starsandcircs, minmay_gold_behind_fungi,
          minivault_19
D:2:      wander_river, layout_basic
D:3:      layout_basic, old_standard_altar, lemuel_tele_altar,
          mrwooster_statue_mirror, interstate_on_off, minmay_misc_feat_cross
D:4:      kennysheep_the_goblin_king, layout_rooms, ebering_ghost_sewer_d
D:5:      layout_loops_ring, minmay_temple_entry_nine_rooms,
          kennysheep_generic_room_4, uniq_blork_the_orc
D:6:      layout_loops_corners, mainiacjoe_overflow_large_starburst,
          serial_shops, shop_fountains, gammafunk_ghost_grave, minmay_microvault
D:7:      layout_layer_cave, nzn_hepliaklqana_mist_gate, enter_bailey_3
Temple:   minmay_crystal_spiral_temple
Bailey:   bailey_polearm_gnolls_kennysheep, bailey

Skill      XL: |  1  2  3  4  5  6  7  8  9 |
---------------+----------------------------+-----
Fire Magic     | 4 5 7 8 |  8.3
Spellcasting   | 3 4 5 6 7 |  7.6
Fighting       | 1 2 |  2.0
Dodging        | 2 |  2.5
Conjurations   | 2 3 4 5 6 |  6.3
Armour         | 1 |  1.8
Maces & Flails | |  0.7
Stealth        | |  2.1

Action                   |  1- 3 |  4- 6 |  7- 9 || total
-------------------------+-------+-------+-------++-------
Melee: Unarmed           |    12 |       |       ||    12
       Whip              |    17 |       |     8 ||    25
       Club              |     3 |       |       ||     3
       Mace              |       |       |    11 ||    11
 Cast: Foxfire           |    71 |    60 |   183 ||   314
       Scorch            |     9 |    11 |    35 ||    55
       Flame Wave        |       |       |     2 ||     2
  Use: Scroll            |     3 |     2 |     5 ||    10
Armor: Robe              |    31 |     6 |    19 ||    56
       Leather armour    |       |       |    22 ||    22
Dodge: Dodged            |    58 |     9 |    52 ||   119

Table legend: (Time is in decaauts)
 A = Elapsed time spent in this place.
 B = Non-inter-level travel time spent in this place.
 C = Inter-level travel time spent in this place.
 D = Time resting spent in this place.
 E = Time spent auto-exploring this place.
 F = Levels seen in this place.
 G = Mean time per level.
                   A        B        C        D        E       F      G
               +--------+--------+--------+--------+--------+-----+--------+
         Total |   9239 |   8931 |    308 |   1199 |   5882 |   9 | 1026.6 |
       Dungeon |   8946 |   8722 |    224 |   1190 |   5780 |   7 | 1278.0 |
        Temple |    208 |    124 |     84 |      0 |    102 |   1 |  208.0 |
        Bailey |     83 |     83 |      0 |      9 |      0 |   1 |   83.0 |
               +--------+--------+--------+--------+--------+-----+--------+

Top non-repeatable levels by time:
     D:2: 1792 daAuts
     D:6: 1711 daAuts
     D:5: 1672 daAuts
     D:1: 1232 daAuts
     D:4: 1137 daAuts
     D:3: 997 daAuts
     D:7: 403 daAuts
  Temple: 208 daAuts
  Bailey: 83 daAuts
